 Dungeon Crawl Stone Soup version 0.28-a0-1524-ge72afd5fc6 (webtiles) character file.

Game seed: 6899505193045376603

567 knot the Chopper (level 7, 0/78 HPs)
             Began as a Demonspawn Berserker on Jan 18, 2022.
             Was a Believer of Trog.
             Slain by a phantom (6 damage)
             ... on level 5 of the Dungeon.
             The game lasted 00:03:23 (3760 turns).

knot the Chopper (Demonspawn Berserker)             Turns: 3760, Time: 00:03:23

Health: 0/78       AC: -1    Str: 17    XL:     7   Next: 11%
Magic:  7/7        EV: 11    Int: 11    God:    Trog [**....]
Gold:   180        SH:  0    Dex: 12    Spells: 6/6 levels left

rFire   . . .      SeeInvis .   a - +0 hand axe
rCold   + . .      Faith    .   (no shield)
rNeg    . . .      Spirit   .   g - +0 ring mail
rPois   .          Reflect  .   (no helmet)
rElec   .          Harm     .   (no cloak)
rCorr   .          Rampage  .   v - +0 pair of gloves
Will    .....                   (no boots)
Stlth   ..........              (no amulet)
HPRegen 0.23/turn               p - ring of protection from cold
MPRegen 0.20/turn               (no ring)

@: berserking (expiring), corroded, very quick
A: hooves 1, powered by death 1, magic regeneration
a: Renounce Religion, Berserk, Trog's Hand


You were on level 5 of the Dungeon.
You worshipped Trog.
Trog was pleased with you.
You visited 1 branch of the dungeon, and saw 5 of its levels.

You collected 180 gold pieces.

Inventory:

Hand Weapons
 a - a +0 hand axe (weapon)
Missiles
 c - 223 stones (quivered)
 e - 54 sling bullets
 j - 3 javelins
Armour
 g - a +0 ring mail (worn)
 v - a +0 pair of gloves (worn)
Jewellery
 p - a ring of protection from cold (left hand)
Wands
 r - a wand of flame (10)
Scrolls
 b - a scroll of holy word {unknown}
 d - 2 scrolls of immolation {unknown}
 k - 2 scrolls of enchant armour {unknown}
 o - a scroll of magic mapping {unknown}
 s - 3 scrolls of blinking {unknown}
 u - 2 scrolls of noise {unknown}
 w - a scroll of acquirement {unknown}
 x - a scroll of fog {unknown}
 y - 2 scrolls of identify {unknown}
Potions
 f - a potion of haste {unknown}
 h - 2 potions of magic {unknown}
 i - 3 potions of curing {unknown}
 l - a potion of might {unknown}
 m - a potion of mutation {unknown}
 n - a potion of brilliance {unknown}
 q - a potion of heal wounds {unknown}
 t - a potion of invisibility {unknown}
 z - a potion of flight {unknown}
 A - a potion of cancellation {unknown}


   Skills:
 - Level 3.0 Fighting
 + Level 7.5 Axes
 - Level 1.7 Armour
 - Level 1.7 Dodging


You had 6 spell levels left.
You didn't know any spells.
Your spell library contained the following spells:

 Spells                   Type           Power      Damage    Failure   Level
 Call Canine Familiar     Summ           0%         N/A       88%         3
 Portal Projectile        Hex/Tloc       0%         N/A       88%         3
 Leda's Liquefaction      Hex/Erth       0%         N/A       99%         4


Dungeon Overview and Level Annotations

Branches:
Dungeon (5/15)
 Temple: D:4-7

Altars:


Innate Abilities, Weirdness & Mutations

You have large cloven feet.
You regenerate a little health from kills.
You regenerate magic rapidly.


Message History

The phantom is moderately damaged.
You hit the phantom but do no damage. Your kick misses the phantom.
The phantom is moderately damaged.
The phantom hits you.
You closely miss the phantom.
The phantom is moderately damaged.
You barely miss the phantom. You kick the phantom.
The phantom is heavily damaged.
You hit the jelly.
You feel the power of Trog in you as your rage grows.
You kill the jelly!
Trog accepts your kill. The phantom barely misses you.
You hit the phantom. Your kick misses the phantom.
The phantom is severely damaged.
The phantom hits you!
* * * LOW HITPOINT WARNING * * *
You hit the phantom but do no damage. You kick the phantom, but do no damage.
The phantom is severely damaged.
You barely miss the phantom. Your kick misses the phantom.
The phantom is severely damaged.
The phantom hits you!
* * * LOW HITPOINT WARNING * * *
You hit the phantom but do no damage.
The phantom is severely damaged.
The phantom hits you.
* * * LOW HITPOINT WARNING * * *
The phantom blinks!
You blink.
There is a stone staircase leading down here.
You feel a strong urge to attack something.
The phantom hits you.
* * * LOW HITPOINT WARNING * * *
The phantom blinks!
You blink.
The phantom closely misses you.
You hit the phantom but do no damage. Your kick misses the phantom.
The phantom is severely damaged.
You slash the phantom!
The phantom is almost destroyed.
The phantom hits you.
You die...

#....<....##...
####.....###.. ## .
#...#...##... #.#..
####......##.##.....
#.##...#...#....# ..
##..#..†##...>...# ...
#<...............#.....
#........(.....W.......
##..).........@...#....
##...............#...#
###..................##
#..........#....#.....#
###....#...#...........
##...#..###.....:....
#.......##...#......
#....................
#.......#.$.#.###.#..#


You could see a phantom.

Vanquished Creatures
  Sigmund (D:2)
  Menkaure (D:3)
  A jelly (D:5)
  A gnoll shaman (D:4)
  An iguana (D:5)
  Terence (D:3)
  7 gnolls
  4 adders
  A worm (D:2)
  An adder skeleton (D:4)
  3 dart slugs
  2 orcs
  10 ball pythons
  5 bats
  4 endoplasms
  5 giant cockroaches
  9 goblins
  8 hobgoblins
  6 kobolds
  5 quokkas
  3 frilled lizards
  7 rats
86 creatures vanquished.

Notes
Turn   | Place    | Note
-------+----------+-------------------------------------------
     0 | D:1      | knot the Demonspawn Berserker began the quest for the Orb.
     0 | D:1      | Reached XP level 1. HP: 18/18 MP: 1/1
    53 | D:1      | Reached skill level 3 in Axes
   269 | D:1      | Gained mutation: You regenerate magic rapidly. [demonic
                  | ancestry]
   269 | D:1      | Reached XP level 2. HP: 24/24 MP: 2/2
   772 | D:1      | Gained mutation: You have large cloven feet. [demonic
                  | ancestry]
   772 | D:1      | Reached XP level 3. HP: 26/29 MP: 3/3
   775 | D:1      | Reached ** piety under Trog
   937 | D:1      | Reached skill level 4 in Axes
  1425 | D:2      | Found a faded altar of an unknown god.
  1458 | D:2      | Noticed Sigmund
  1471 | D:2      | Killed Sigmund
  1472 | D:2      | Reached skill level 5 in Axes
  1472 | D:2      | Reached XP level 4. HP: 35/35 MP: 4/4
  1472 | D:2      | Gained mutation: You regenerate a little health from kills.
                  | [demonic ancestry]
  1472 | D:2      | Reached XP level 5. HP: 41/41 MP: 5/5
  2223 | D:3      | Noticed Terence
  2233 | D:3      | Killed Terence
  2234 | D:3      | Reached skill level 6 in Axes
  2735 | D:4      | Noticed Menkaure
  2846 | D:3      | Killed Menkaure
  2847 | D:3      | Reached XP level 6. HP: 28/47 MP: 6/6
  3129 | D:4      | Reached skill level 7 in Axes
  3611 | D:5      | Entered Level 5 of the Dungeon
  3631 | D:5      | Reached XP level 7. HP: 35/52 MP: 7/7
  3760 | D:5      | Slain by a phantom

Illustrated notes

Levels and vault maps discovered:
D:1:      dpeg_arrival_morbid_curiosity, layout_rooms, minmay_vboxes
D:2:      layout_loops_ring, hellmonk_ecumenical_altar_heavens_door,
          hangedman_decor_lopped, minmay_misc_feat_rugged, uniq_sigmund
D:3:      layout_rooms, minmay_strange_pillars, hangedman_abyss_or_decor_stabs,
          uniq_terence
D:4:      layout_rooms, uniq_menkaure
D:5:      layout_cave_pools

Skill      XL: |  1  2  3  4  5  6 |
---------------+-------------------+-----
Axes           | 3 5 6 7 |  7.5
Fighting       | |  3.0
Armour         | |  1.7
Dodging        | |  1.7

Action                   |  1- 3 |  4- 6 |  7- 9 || total
-------------------------+-------+-------+-------++-------
Melee: Hand axe          |   106 |   115 |    16 ||   237
       Kick              |    14 |    32 |     5 ||    51
       Punch             |       |     2 |       ||     2
Invok: Berserk           |     2 |     5 |     1 ||     8
       Trog's Hand       |       |     1 |       ||     1
Armor: Animal skin       |    10 |       |       ||    10
       Ring mail         |    16 |    49 |     1 ||    66
Dodge: Dodged            |    60 |    76 |     7 ||   143

Table legend: (Time is in decaauts)
 A = Elapsed time spent in this place.
 B = Non-inter-level travel time spent in this place.
 C = Inter-level travel time spent in this place.
 D = Time resting spent in this place.
 E = Time spent auto-exploring this place.
 F = Levels seen in this place.
 G = Mean time per level.
                   A        B        C        D        E       F      G
               +--------+--------+--------+--------+--------+-----+--------+
         Total |   3830 |   3709 |    121 |    876 |   2278 |   5 |  766.0 |
       Dungeon |   3830 |   3709 |    121 |    876 |   2278 |   5 |  766.0 |
               +--------+--------+--------+--------+--------+-----+--------+

Top non-repeatable levels by time:
     D:1: 1117 daAuts
     D:2: 1106 daAuts
     D:3: 842 daAuts
     D:4: 621 daAuts
     D:5: 143 daAuts
